 Dungeon Crawl Stone Soup version 0.25-a0-930-g9f5dfa9815 (webtiles) character file.

Game seed: 16683564585370499190, levelgen mode: deterministic

648 Hasart the Insei (level 7, -5/46 HPs)
             Began as an Octopode Transmuter on May 3, 2020.
             Slain by an iguana (9 damage)
             ... on level 5 of the Dungeon.
             The game lasted 00:06:59 (5758 turns).

Hasart the Insei (Octopode Transmuter)              Turns: 5758, Time: 00:07:00

Health: -5/46      AC:  1    Str:  9    XL:     7   Next: 53%
Magic:  10/10      EV: 14    Int: 18    God:
Gold:   219        SH:  0    Dex: 12    Spells: 4/10 levels left

rFire    . . .     SeeInvis .   x - +7 falchion (holy)
rCold    . . .     Gourm    .   (no shield)
rNeg     + . .     Faith    .   (helmet restricted)
rPois    .         Spirit   .   (no amulet)
rElec    .         Reflect  .   j - ring of positive energy
rCorr    .         Harm     .   o - ring of flight
MR       .....                  u - ring of wizardry
Stlth    ++........             (no ring)
HPRegen  0.15/turn              (no ring)
MPRegen  0.12/turn              (no ring)
                                (no ring)
                                (no ring)

@: hasted, very quick
A: almost no armour, stealthy swim, amphibious, 8 rings, constrict 8, camouflage
1, gelatinous body 1
a: Evoke Flight


You were on level 5 of the Dungeon.
You were hungry.

You visited 1 branch of the dungeon, and saw 5 of its levels.

You collected 219 gold pieces.

Inventory:

Hand Weapons
 x - a +7 falchion of holy wrath (weapon)
Missiles
 a - 68 arrows
 f - 24 poisoned darts (quivered)
Jewellery
 j - a ring of positive energy (left tentacle)
 o - a ring of flight (right tentacle)
 q - an uncursed ring of magical power {unknown}
 u - a ring of wizardry (on tentacle)
Wands
 v - a wand of paralysis (2)
 w - a wand of iceblast (5)
Scrolls
 d - 2 scrolls of magic mapping {unknown}
 e - 3 scrolls of teleportation {unknown}
 g - 5 scrolls of identify {unknown}
 i - 4 scrolls of remove curse {unknown}
 k - a scroll of blinking {unknown}
 n - 2 scrolls of enchant weapon {unknown}
 y - a scroll of enchant armour {unknown}
 z - a scroll of amnesia {unknown}
Potions
 b - 2 potions of lignification {unknown}
 h - a potion of magic {unknown}
 l - 2 potions of haste
 m - a potion of degeneration {unknown}
 p - 2 potions of brilliance {unknown}
 r - 2 potions of curing {unknown}
 s - 2 potions of might {unknown}
 t - 2 potions of flight {unknown}
 A - 2 potions of mutation {unknown}
 B - 2 potions of invisibility {unknown}
Comestibles
 c - 10 rations


   Skills:
 + Level 3.3 Fighting
 + Level 1.1 Long Blades
 + Level 3.8 Dodging
 + Level 5.4 Unarmed Combat
 - Level 2.0 Spellcasting
 + Level 3.7 Transmutations
 + Level 2.7 Poison Magic


You had 4 spell levels left.
You knew the following spells:

 Your Spells              Type           Power        Failure   Level  Hunger
a - Beastly Appendage     Tmut           ###...       1%          1    #......
b - Sticks to Snakes      Tmut           ###.....     2%          2    ###....
c - Spider Form           Tmut/Pois      ##........   6%          3    ###....

Your spell library contained the following spells:

 Spells                   Type           Power        Failure   Level  Hunger
 Ice Form                 Ice/Tmut       #.......     32%         4    #####..
 Blade Hands              Tmut           ###.......   38%         5    ######.


Dungeon Overview and Level Annotations

Branches:
Dungeon (5/15)
 Temple: D:4-7

Altars:
Dithmenos
Trog
Yredelemnul

Annotations:
D:5 4 runed translucent doors


Innate Abilities, Weirdness & Mutations

You cannot wear most types of armour.
You are very stealthy in the water. (Stealth+)
You are amphibious.
You can wear up to eight rings at the same time.
You can use your tentacles to constrict eight enemies at once.
Your skin changes colour to match your surroundings (Stealth+).
Your rubbery body absorbs attacks. (AC +1, EV +1)


Message History

The centaur wields an uncursed staff of cold.
The centaur hits you with an uncursed staff of cold!
You hit the centaur.
The centaur is lightly wounded.
The centaur barely misses you.
You riposte.
You hit the centaur.
The centaur is moderately wounded.
The centaur hits you with an uncursed staff of cold!
* * * LOW HITPOINT WARNING * * *
You slash the centaur!
The centaur is severely wounded.
The centaur hits you with an uncursed staff of cold!
* * * LOW HITPOINT WARNING * * *
The iguana barely misses you.
You riposte.
You barely miss the iguana. Your grab misses the iguana.
Unknown command.
The centaur wields a +0 shortbow.
The centaur shoots an arrow.
The arrow barely misses you.
You see here an arrow.
It was a potion of haste.
You feel yourself speed up. The iguana bites you!
You die...

#........#
#........#
##.......?###### #
#....[..........
(#.#(........##++##
......$...†.##8..8#
.##.c.(..(#8.)..8
.....#l####.#F.$../
... #@# ##.#l....= .
#.###..#8....8
#.#....##8.:8# .
###.#.#...##++##
..#......#........
...........#.####...
.####...##......#..
..
#...............####
#.....#.##.####.#


You could see a centaur and an iguana.

Vanquished Creatures
  Eustachio (D:4)
  A phantom (D:4)
  2 howler monkeys (D:4)
  2 hounds (D:4)
  Crazy Yiuf (D:2)
  3 orc priests (D:4)
  Ijyb (D:3)
  A worker ant (D:4)
  5 adders
  An ooze (D:1)
  A worm (D:2)
  A dart slug (D:1)
  2 leopard geckos (D:2)
  7 orcs (D:4)
  2 giant cockroaches
  5 hobgoblins
  4 jackals (D:3)
  8 kobolds
  2 quokkas
  6 bats
  4 frilled lizards
  2 goblins
  5 rats
67 creatures vanquished.

Notes
Turn   | Place    | Note
-------+----------+-------------------------------------------
     0 | D:1      | Hasart the Octopode Transmuter began the quest for the Orb.
     0 | D:1      | Reached XP level 1. HP: 13/13 MP: 3/3
   672 | D:1      | Reached XP level 2. HP: 16/18 MP: 5/5
  1337 | D:2      | Reached XP level 3. HP: 17/23 MP: 6/6
  1663 | D:2      | Found a bloodstained altar of Trog.
  1966 | D:2      | Found a runed translucent door.
  1967 | D:2      | Noticed Crazy Yiuf
  2400 | D:2      | Reached XP level 4. HP: 29/29 MP: 7/7
  2629 | D:2      | Learned a level 2 spell: Sticks to Snakes
  2641 | D:2      | Killed Crazy Yiuf
  2641 | D:2      | Reached skill level 4 in Unarmed Combat
  3229 | D:3      | Learned a level 3 spell: Spider Form
  3541 | D:3      | Noticed Ijyb
  3544 | D:3      | Paralysed by Ijyb for 3 turns
  3556 | D:3      | Killed Ijyb
  3556 | D:3      | Reached XP level 5. HP: 30/34 MP: 5/8
  3977 | D:4      | Reached skill level 1 in Poison Magic
  4476 | D:4      | Reached XP level 6. HP: 9/41 MP: 9/9
  4795 | D:4      | Noticed Eustachio
  4812 | D:4      | Killed Eustachio
  4812 | D:4      | Reached skill level 5 in Unarmed Combat
  4821 | D:4      | Reached XP level 7. HP: 23/46 MP: 8/10
  5276 | D:4      | Found a shadowy altar of Dithmenos.
  5408 | D:4      | Reached skill level 1 in Long Blades
  5614 | D:4      | Found a basalt altar of Yredelemnul.
  5681 | D:5      | Entered Level 5 of the Dungeon
  5719 | D:5      | Found a large runed translucent door.
  5719 | D:5      | Found a large runed translucent door.
  5722 | D:5      | Found a large runed translucent door.
  5722 | D:5      | Found a large runed translucent door.
  5758 | D:5      | Slain by an iguana

Levels and vault maps discovered:
D:1:      minmay_arrival_four_circles, layout_basic, serial_bayou,
          serial_bayou_shore_b, serial_bayou_pond_c, serial_bayou_shore_b,
          serial_bayou_shore_b, chequers_avenue
D:2:      layout_basic, first_ration, bloody_trog, uniq_crazy_yiuf_cottage
D:3:      layout_loops_ring, hex_large, roderic_lattice_a, minivault_25,
          uniq_ijyb
D:4:      layout_loops_corners, kennysheep_mini, grunt_dithmenos_shadows,
          uniq_eustachio
D:5:      layout_basic, basic_altar, minmay_hollow_rounded_squares

Skill      XL: |  1  2  3  4  5  6  7 |
---------------+----------------------+-----
Fighting       | 2 3 |  3.3
Unarmed Combat | 4 5 |  5.4
Transmutations | 3 |  3.7
Dodging        | 3 |  3.8
Poison Magic   | 1 2 |  2.7
Long Blades    | 1 |  1.1
Spellcasting   | |  2.0

Action                   |  1- 3 |  4- 6 |  7- 9 || total
-------------------------+-------+-------+-------++-------
Melee: Unarmed           |    87 |   105 |       ||   192
       Constrict         |    22 |    14 |     3 ||    39
       Tentacles         |     9 |     8 |     1 ||    18
       Kick              |     3 |     4 |       ||     7
       Punch             |     2 |     1 |     1 ||     4
       Falchion          |       |       |    21 ||    21
 Cast: Beastly Appendage |     1 |     1 |       ||     2
       Sticks to Snakes  |       |     2 |       ||     2
       Spider Form       |       |     3 |       ||     3
  Use: Potion            |       |       |     1 ||     1
 Stab: Sleeping          |     5 |     3 |     3 ||    11
  Eat: Chunk             |     4 |     8 |     3 ||    15
Armor: Skin              |     6 |    10 |     1 ||    17
Dodge: Dodged            |    59 |    73 |    11 ||   143
       Rpst.: Falchion   |       |       |     5 ||     5

Table legend:
 A = Non-vault XP
 B = Vault XP
 C = Vault XP percentage of total XP
 D = Non-vault monster count
 E = Vault monster count
 F = Vault count percentage of total count
                 A         B        C        D         E       F
            +---------+---------+-------+---------+---------+-------
      Total |     518 |     408 |  44.1 |      63 |       4 |   6.0
            +---------+---------+-------+---------+---------+-------
        D:1 |      27 |       0 |   0.0 |      15 |       0 |   0.0
        D:2 |      58 |      41 |  41.4 |      19 |       1 |   5.0
        D:3 |      30 |      35 |  53.8 |      10 |       1 |   9.1
        D:4 |     401 |     332 |  45.3 |      18 |       2 |  10.0
        D:5 |       2 |       0 |   0.0 |       1 |       0 |   0.0
            +---------+---------+-------+---------+---------+-------
